 Dungeon Crawl Stone Soup version 0.25.0-1-g7eea58d2a3 (webtiles) character file.

Game seed: 9479999833070256353

116 diana the Skirmisher (level 4, 0/37 HPs)
             Began as a Demonspawn Fighter on June 14, 2020.
             Slain by an orc wizard
             ... wielding a cursed -1 dagger
              (4 damage)
             ... on level 3 of the Dungeon.
             The game lasted 00:02:34 (2581 turns).

diana the Skirmisher (Demonspawn Fighter)           Turns: 2581, Time: 00:02:35

Health: 0/37       AC:  8    Str: 18    XL:     4   Next: 70%
Magic:  4/4        EV:  7    Int:  9    God:
Gold:   102        SH:  9    Dex: 12    Spells: 3/3 levels left

rFire    . . .     SeeInvis .   a - +0 war axe
rCold    + . .     Gourm    .   c - +0 kite shield
rNeg     . . .     Faith    .   b - +0 scale mail
rPois    .         Spirit   .   (no helmet)
rElec    .         Reflect  .   (no cloak)
rCorr    .         Harm     .   i - +0 pair of gloves
MR       +....                  (no boots)
Stlth    ..........             (no amulet)
HPRegen  0.12/turn              h - ring of protection from magic
MPRegen  0.09/turn              (no ring)

@: mighty, stab
A: cold resistance 1
a: no special abilities


You were on level 3 of the Dungeon.
You were not hungry.

You visited 1 branch of the dungeon, and saw 3 of its levels.

You collected 102 gold pieces.

Inventory:

Hand Weapons
 a - a +0 war axe (weapon)
Armour
 b - a +0 scale mail (worn)
 c - a +0 kite shield (worn)
 i - a +0 pair of gloves (worn)
Jewellery
 h - a ring of protection from magic (left hand)
Scrolls
 e - 3 scrolls of remove curse {unknown}
 g - 6 scrolls of identify {unknown}
 j - a scroll of enchant weapon {unknown}
Comestibles
 f - a ration


   Skills:
 + Level 3.7 Fighting
 + Level 2.7 Axes
 + Level 3.3 Armour
 + Level 3.4 Shields


You had 3 spell levels left.
You didn't know any spells.
Your spell library was empty.

Dungeon Overview and Level Annotations

Branches:
Dungeon (3/15)

Altars:
Ashenzari


Innate Abilities, Weirdness & Mutations

Your flesh is cold resistant. (rC+)


Message History

You block the orc priest's attack. The jackal bites you.
* * * LOW HITPOINT WARNING * * *
Unknown command.
You closely miss the orc priest.
The orc priest is moderately wounded.
You hit the jackal.
You kill the jackal!
You block the orc priest's attack. Something hits you but does no damage.
Unknown command.
You closely miss the orc priest.
The orc priest is moderately wounded.
You miss something. The orc priest closely misses you.
The orc priest miscasts a cantrip.
Unknown command.
You completely miss the orc priest.
The orc priest is moderately wounded.
You closely miss something. You slash the orc!
You kill the orc!
Something hits you.
You die...

##..###.#
#...# #...#
.. #..##
....######.##
...........#
..####.####
#.# ###.#####
#@..^...#
#..oo#####.#
#......#
#......##
....### ..##
.


You could see an orc priest and an orc wizard.

Vanquished Creatures
  An orc priest (D:3)
  3 adders (D:2)
  A worm (D:3)
  A leopard gecko (D:2)
  7 orcs (D:3)
  A ball python (D:2)
  5 bats
  5 goblins
  6 hobgoblins
  2 jackals (D:3)
  6 frilled lizards
  6 kobolds
  6 rats
50 creatures vanquished.

Notes
Turn   | Place    | Note
-------+----------+-------------------------------------------
     0 | D:1      | diana the Demonspawn Fighter began the quest for the Orb.
     0 | D:1      | Reached XP level 1. HP: 18/18 MP: 1/1
   599 | D:1      | Gained mutation: Your flesh is cold resistant. (rC+)
                  | [demonic ancestry]
   599 | D:1      | Reached XP level 2. HP: 23/24 MP: 2/2
  1432 | D:2      | Reached XP level 3. HP: 29/29 MP: 3/3
  1801 | D:2      | Found a shattered altar of Ashenzari.
  2181 | D:3      | Reached XP level 4. HP: 17/35 MP: 4/4
  2581 | D:3      | Slain by an orc wizard

Illustrated notes

Levels and vault maps discovered:
D:1:      minmay_arrival_doors, layout_basic
D:2:      layout_basic, lemuel_round_altar, chequers_serial_rivers_marsh
D:3:      layout_basic, lemuel_doored_altar, nicolae_overflow_crystal_walls,
          serial_curves, eino_curves_04, eino_curves_02, eino_curves_03,
          eino_curves_01, first_ration

Skill      XL: |  1  2 |
---------------+-------+-----
Axes           | 2 |  2.7
Armour         | 3 |  3.3
Shields        | 3 |  3.4
Fighting       | |  3.7

Action                   |  1- 3 |  4- 6 || total
-------------------------+-------+-------++-------
Melee: War axe           |   182 |    30 ||   212
  Use: Potion            |     2 |     3 ||     5
  Eat: Chunk             |     4 |     2 ||     6
Armor: Scale mail        |    96 |    16 ||   112
Dodge: Dodged            |    58 |    12 ||    70
Block: Kite shield       |    93 |    20 ||   113
